 Dungeon Crawl Stone Soup version 0.27-a0-679-g77a6b55cf3 (webtiles) character file.

Game seed: 8487555049456527638

136 HoaS the Ruffian (level 5, -5/41 HPs)
             Began as a Ghoul Gladiator on Mar 18, 2021.
             Slain by Grinder (8 damage)
             ... while paralysed by Grinder
             ... on level 3 of the Dungeon.
             The game lasted 00:04:30 (2444 turns).

HoaS the Ruffian (Ghoul Gladiator)                  Turns: 2444, Time: 00:04:30

Health: -5/41      AC:  8    Str: 19    XL:     5   Next: 19%
Magic:  0/4        EV:  2    Int:  3    God:
Gold:   54         SH:  0    Dex: 10    Spells: 4/4 levels left

rFire    . . .     SeeInvis .     - Unarmed
rCold    + . .     Faith    .   (no shield)
rNeg     + + +     Spirit   +   d - +0 ring mail
rPois    ∞         Reflect  .   b - +0 helmet
rElec    .         Harm     .   (no cloak)
rCorr    .         Rampage  .   h - +0 pair of gloves
Will     .....                  a - +0 pair of boots
Stlth    ..........             j - amulet of guardian spirit
HPRegen  0.00/turn              (no ring)
MPRegen  0.09/turn              (no ring)

@: paralysed
A: claws 1, cold resistance 1, negative energy resistance 3, inhibited
regeneration, torment resistance 2, unbreathing 1
a: no special abilities


You were on level 3 of the Dungeon.
You visited 1 branch of the dungeon, and saw 3 of its levels.

You collected 54 gold pieces.

Inventory:

Missiles
 c - 2 throwing nets (quivered)
Armour
 a - a +0 pair of boots (worn)
 b - a +0 helmet (worn)
 d - a +0 ring mail (worn)
 h - a +0 pair of gloves (worn)
Jewellery
 j - an amulet of guardian spirit (around neck)
Potions
 g - 3 potions of attraction
 i - a potion of curing
 k - a potion of lignification {unknown}


   Skills:
 - Level 2.1 Fighting
 - Level 1.7 Throwing
 - Level 2.6 Dodging
 + Level 6.3 Unarmed Combat


You had 4 spell levels left.
You didn't know any spells.
Your spell library was empty.

Dungeon Overview and Level Annotations

Branches:
Dungeon (3/15)

Altars:
Ashenzari
The Shining One

Shops:
D:1 [

Annotations:
D:3 Grinder


Innate Abilities, Weirdness & Mutations

You thrive by killing the living.
You are immune to poison.
You have sharp fingernails.
Your flesh is cold resistant. (rC+)
You are immune to negative energy. (rN+++)
You do not regenerate when monsters are visible.
You are immune to unholy pain and torment.
You can survive without breathing.


Message History

Grinder is severely wounded.
The hobgoblin hits you but does no damage.
Grinder hits you.
* * * LOW HITPOINT WARNING * * *
You closely miss Grinder.
Grinder is severely wounded.
The hobgoblin hits you but does no damage.
Grinder hits you.
* * * LOW HITPOINT WARNING * * *
You hit Grinder.
Grinder is severely wounded.
The hobgoblin hits you but does no damage.
You closely miss Grinder.
Grinder is severely wounded.
Grinder closely misses you. The hobgoblin closely misses you.
You closely miss Grinder.
Grinder is severely wounded.
Grinder blinks!
The hobgoblin hits you but does no damage.
Grinder is pulled toward you!
You hit Grinder.
Grinder is almost dead.
Grinder misses you.
You barely miss Grinder.
Grinder is almost dead.
Grinder barely misses you.
You barely miss Grinder.
Grinder is almost dead.
Grinder misses you.
You barely miss Grinder.
Grinder is almost dead.
Grinder barely misses you.
You hit Grinder.
Grinder is almost dead.
You closely miss Grinder.
Grinder is almost dead.
Grinder gestures at you.
You suddenly lose the ability to move!
You feel less attractive to monsters. Grinder hits you!
You die...

#.#######.##.# #.#
#.##.#
#.#######.##.#
#.............
#####.#######.#...
#.(......# #.....
#.###.##.# #.#...
#.# #... .....##.#
#@# #.##.#######.#
#5# ..# # #.#
#.g.....# #+#
#..##.#.# #..# #.
#... #.## #. #.


You could see Grinder and a hobgoblin.

Vanquished Creatures
  6 adders (D:2)
  A shadow imp (D:2)
  2 oozes
  3 worms (D:2)
  A dart slug (D:1)
  A leopard gecko (D:1)
  5 bats
  2 giant cockroaches
  4 goblins
  6 hobgoblins
  6 jackals (D:2)
  2 quokkas
  A ball python (D:1)
  3 frilled lizards
  9 kobolds
  9 rats
61 creatures vanquished.

Notes
Turn   | Place    | Note
-------+----------+-------------------------------------------
     0 | D:1      | HoaS the Ghoul Gladiator began the quest for the Orb.
     0 | D:1      | Reached XP level 1. HP: 17/17 MP: 0/0
   277 | D:1      | Found Cekekh's Armour Boutique.
   294 | D:1      | Reached XP level 2. HP: 24/24 MP: 1/1
   327 | D:1      | Reached skill level 4 in Unarmed Combat
   721 | D:1      | Reached XP level 3. HP: 27/29 MP: 2/2
  1311 | D:2      | Reached skill level 5 in Unarmed Combat
  1496 | D:2      | Reached XP level 4. HP: 30/36 MP: 3/3
  1641 | D:2      | Found a broken altar of Ashenzari.
  2034 | D:2      | Reached skill level 6 in Unarmed Combat
  2051 | D:2      | Reached XP level 5. HP: 32/41 MP: 4/4
  2406 | D:3      | Noticed Grinder
  2414 | D:3      | Paralysed by Grinder for 2 turns
  2422 | D:3      | Paralysed by Grinder for 3 turns
  2443 | D:3      | Paralysed by Grinder for 5 turns
  2444 | D:3      | Slain by Grinder

Illustrated notes

Levels and vault maps discovered:
D:1:      wheals_arrival_shading, layout_basic, serial_shops, shop
D:2:      minmay_razor_zed, layout_loops_ring, old_standard_altar,
          ashenzari_conservatory_becter, minmay_misc_feat_five
D:3:      layout_loops_corners, corner_web_ring, uniq_grinder

Skill      XL: |  1  2  3  4 |
---------------+-------------+-----
Unarmed Combat | 4 5 6 |  6.3
Fighting       | |  2.1
Throwing       | |  1.7
Dodging        | |  2.6

Action                   |  1- 3 |  4- 6 || total
-------------------------+-------+-------++-------
Melee: Unarmed           |   100 |   134 ||   234
       Punch             |     3 |     2 ||     5
Throw: Throwing net      |       |     1 ||     1
  Use: Scroll            |     2 |     4 ||     6
       Potion            |       |     1 ||     1
Armor: Ring mail         |    41 |    49 ||    90
Dodge: Dodged            |    49 |    81 ||   130

Table legend: (Time is in decaauts)
 A = Elapsed time spent in this place.
 B = Non-inter-level travel time spent in this place.
 C = Inter-level travel time spent in this place.
 D = Time resting spent in this place.
 E = Time spent auto-exploring this place.
 F = Levels seen in this place.
 G = Mean time per level.
                   A        B        C        D        E       F      G
               +--------+--------+--------+--------+--------+-----+--------+
         Total |   2418 |   2316 |    102 |    308 |   1558 |   3 |  806.0 |
       Dungeon |   2418 |   2316 |    102 |    308 |   1558 |   3 |  806.0 |
               +--------+--------+--------+--------+--------+-----+--------+

Top non-repeatable levels by time:
     D:1: 1237 daAuts
     D:2: 1025 daAuts
     D:3: 156 daAuts
